 Dungeon Crawl Stone Soup version 0.20.1-1-g8b1a95d66d (webtiles) character file.

39 FullBlownAIDS the Scratcher (level 3, -1/17 HPs)
             Began as a Felid Fighter on Nov 25, 2017.
             Slain by a kobold (2 damage)
             ... on level 2 of the Dungeon.
             The game lasted 00:02:45 (2271 turns).

FullBlownAIDS the Scratcher (Felid Fighter)         Turns: 2271, Time: 00:02:46

Health: -1/17      AC:  1    Str: 12    XL:     3   Next: 28%
Magic:  4/4        EV: 19    Int:  9    God:
Gold:   120        SH:  0    Dex: 16    Spells: 2/2 levels left
                                        Lives:  0   Deaths: 1

rFire    . . .     SeeInvis +     - Unarmed
rCold    . . .     Gourm    .   (shield unavailable)
rNeg     . . .     Faith    .   (armour unavailable)
rPois    .         Spirit   .   (helmet unavailable)
rElec    .         Reflect  .   (cloak unavailable)
rCorr    .         Harm     .   (gloves unavailable)
MR       .....                  (boots unavailable)
Stlth    +++.......             (no amulet)
Regen    0.1/turn               (no ring)
MPRegen  0.1/turn               (no ring)

@: quick
A: no armour, no weapons or thrown items, stealth, claws 1, fangs 3, see
invisible, carnivore 3, speed 1, shaggy fur 1, slow metabolism 1, sharp paws
a: no special abilities


You were on level 2 of the Dungeon.
You were not hungry.

You visited 1 branch of the dungeon, and saw 3 of its levels.

You collected 120 gold pieces.

Inventory:

Scrolls
 e - 2 scrolls of identify {unknown}
 f - 2 scrolls of teleportation {unknown}
 g - a scroll of remove curse {unknown}
Potions
 a - 2 potions of might
 c - a potion of berserk rage {unknown}
 d - a potion of flight {unknown}
 h - a potion of curing {unknown}
Comestibles
 b - a meat ration


   Skills:
 - Level 3.0 Fighting
 - Level 4.0 Dodging
 + Level 3.9 Stealth
 + Level 5.0 Unarmed Combat


You had 2 spell levels left.
You didn't know any spells.

Dungeon Overview and Level Annotations

Branches:
Dungeon (3/15)

Altars:
Okawaru
Sif Muna


Innate Abilities, Weirdness & Mutations

You cannot wear armour.
You are incapable of wielding weapons or throwing items.
Your paws allow you to move quietly. (Stealth)
You have sharp claws.
You have razor-sharp teeth.
You have supernaturally acute eyesight. (SInv)
You are carnivorous and can eat meat at any time.
You cover ground quickly.
You are covered in fur. (AC +1)
You have a slow metabolism.
Your sharp claws are effective at attacking unaware monsters.


Message History

The goblin hits you with a dagger. The quokka closely misses you.
The kobold closely misses you. The quokka barely misses you.
The goblin hits you with a dagger. The kobold completely misses you.
The quokka bites you. The goblin closely misses you.
The quokka barely misses you. The kobold hits you but does no damage.
The goblin completely misses you. The quokka completely misses you.
The kobold closely misses you. The goblin hits you with a dagger.
The quokka bites you. The kobold hits you.
* * * LOW HITPOINT WARNING * * *
The goblin misses you. The quokka bites you.
* * * LOW HITPOINT WARNING * * *
The kobold barely misses you. The quokka misses you.
The goblin barely misses you. The kobold barely misses you.
The quokka bites you but does no damage.
The goblin closely misses you. The quokka misses you. The kobold hits you.
You die...

.......##.............# #.......
#.####.##)............# #.......
...................#######..)....
#.#########.###.#................
#.........(..<..#.########(......
###########..........# #.......
......#####........#.# #.......
#####.#........#.r...## #)......
...............g@...รท># #.######
#####.#........##K.#..# #.######
..........#........#..# #.......
..........#.##.....#..####...<...
..........#.##.###.......'.......
..........#.##.####....###.......
..........#....#.......# #(......
..........######.##....# #.......
......##....# #.##...####.......


You could see a quokka, a goblin and a kobold.

Vanquished Creatures
  3 adders (D:2)
  An ooze (D:2)
  3 leopard geckos
  5 giant cockroaches
  5 goblins
  2 hobgoblins
  8 jackals
  A quokka (D:3)
  A ball python (D:3)
  9 bats
  2 frilled lizards
  4 kobolds
  13 rats
57 creatures vanquished.

Notes
Turn   | Place    | Note
-------+----------+-------------------------------------------
     0 | D:1      | FullBlownAIDS the Felid Fighter began the quest for the Orb.
     0 | D:1      | Reached XP level 1. HP: 10/10 MP: 2/2
   418 | D:1      | Reached skill level 1 in Stealth
   427 | D:1      | Reached XP level 2. HP: 14/14 MP: 3/3
  1145 | D:2      | Reached XP level 3. HP: 15/17 MP: 4/4
  1427 | D:2      | Found an iron altar of Okawaru.
  1467 | D:2      | Reached XP level 4. HP: 8/21 MP: 5/5
  1729 | D:2      | Reached skill level 5 in Unarmed Combat
  1898 | D:2      | Found a deep blue altar of Sif Muna.
  2231 | D:2      | Slain by an adder
  2232 | D:2      | Reached XP level 3. HP: -1/17 MP: 4/4
  2271 | D:2      | Slain by a kobold

Skill      XL: |  1  2  3  4 |
---------------+-------------+-----
Stealth        | 1 2 3 |  3.9
Unarmed Combat | 5 |  5.0
Fighting       | |  3.0
Dodging        | |  4.0

Action                   |  1- 3 |  4- 6 || total
-------------------------+-------+-------++-------
Melee: Unarmed           |   115 |    34 ||   149
       Bite              |     3 |     1 ||     4
       Punch             |     2 |       ||     2
 Stab: Sleeping          |     5 |     4 ||     9
       Distracted        |       |     1 ||     1
  Eat: Chunk             |     7 |     2 ||     9
Armor: Skin              |     6 |     2 ||     8
Dodge: Dodged            |   110 |    41 ||   151
